 Dungeon Crawl Stone Soup version 0.27.1-33-g824d729ab1 (webtiles) character file.

Game seed: 16890525939731071903

131 Descartes the Grasshopper (level 4, 0/19 HPs)
             Began as a Felid Warper on Dec 14, 2021.
             Slain by an adder (1 damage)
             ... on level 2 of the Dungeon.
             The game lasted 00:05:49 (4129 turns).

Descartes the Grasshopper (Felid Warper)            Turns: 4129, Time: 00:05:50

Health: 0/19       AC:  1    Str:  8    XL:     4   Next: 91%
Magic:  8/8        EV: 19    Int: 14    God:
Gold:   97         SH:  0    Dex: 15    Spells: 1/7 levels left
                                        Lives:  0   Deaths: 1

rFire    . . .     SeeInvis +     - Unarmed
rCold    . . .     Faith    .   (shield unavailable)
rNeg     . . .     Spirit   .   (armour unavailable)
rPois    .         Reflect  .   (helmet unavailable)
rElec    .         Harm     .   (cloak unavailable)
rCorr    .         Rampage  .   (gloves unavailable)
Will     .....                  (boots unavailable)
Stlth    +.........             b - amulet of the acrobat
HPRegen  0.06/turn              (no ring)
MPRegen  0.11/turn              (no ring)

@: lethally poisoned (0 -> -3), quick
A: very small, claws 1, fangs 3, see invisible, speed 1, shaggy fur 1, stealthy
paws, no weapons or thrown items, no armour, multi-lived
a: no special abilities


You were on level 2 of the Dungeon.
You visited 1 branch of the dungeon, and saw 3 of its levels.

You collected 97 gold pieces.

Inventory:

Missiles
 c - 2 stones
Jewellery
 b - an amulet of the acrobat (around neck)
Scrolls
 a - a scroll of blinking
 d - 2 scrolls of identify {unknown}
Potions
 e - a potion of curing {unknown}
 f - a potion of degeneration {unknown}
 g - a potion of attraction {unknown}
 h - a potion of might {unknown}
 i - a potion of resistance {unknown}
 j - a potion of haste {unknown}


   Skills:
 - Level 2.0 Fighting
 + Level 5.3 Dodging
 + Level 3.8 Unarmed Combat
 - Level 2.0 Spellcasting
 + Level 5.7 Translocations


You had one spell level left.
You knew the following spells:

 Your Spells              Type           Power      Damage    Failure   Level
a - Blink                 Tloc           N/A        N/A       3%          2
b - Apportation           Tloc           34%        N/A       2%          1
c - Teleport Other        Tloc           17%        N/A       7%          3

Your spell library contained the following spells:

 Spells                   Type           Power      Damage    Failure   Level
 Animate Skeleton         Necr           2%         N/A       24%         1
 Corona                   Hex            1%         N/A       24%         1
 Summon Small Mammal      Summ           4%         N/A       24%         1
 Gell's Gravitas          Tloc           8%         N/A       7%          3
 Lesser Beckoning         Tloc           8%         N/A       7%          3
 Manifold Assault         Tloc           17%        N/A       52%         5
 Conjure Ball Lightning   Conj/Air       0%         3x3d6     100%        6
 Discord                  Hex            0%         N/A       100%        8
 Disjunction              Tloc           8%         N/A       100%        8


Dungeon Overview and Level Annotations

Branches:
Dungeon (3/15)

Altars:

Shops:
D:1 !


Innate Abilities, Weirdness & Mutations

You have sharp claws.
You have razor-sharp teeth.
You have supernaturally acute eyesight. (SInv)
You cover ground quickly. (Speed+)
You are covered in fur. (AC +1)
Your paws help you pounce on unaware monsters.
You are incapable of wielding weapons or throwing items.
You cannot wear armour.
You gain extra lives every three experience levels.


Message History

The goblin is moderately wounded.
The goblin closely misses you.
You miss the goblin.
The goblin is moderately wounded.
The goblin closely misses you.
You closely miss the goblin. Your bite misses the goblin.
The goblin is moderately wounded.
The goblin misses you.
You scratch the goblin.
The goblin is severely wounded.
The goblin barely misses you.
You closely miss the goblin.
The goblin is severely wounded.
The goblin completely misses you.
You scratch the goblin.
You kill the goblin!
You scratch the adder.
The adder is lightly wounded.
The adder closely misses you.
You miss the adder. Your claw misses the adder.
The adder is lightly wounded.
The adder bites you.
You closely miss the adder.
The adder is lightly wounded.
The adder bites you. x2
* * * LOW HITPOINT WARNING * * *
You are lethally poisoned!
The adder poisons you!
You scratch the adder.
The adder is moderately wounded.
* * * LOW HITPOINT WARNING * * *
You feel sick. The adder completely misses you.
You claw the adder!
The adder is almost dead.
The adder closely misses you.
You completely miss the adder.
The adder is almost dead.
* * * LOW HITPOINT WARNING * * *
You feel sick. The adder bites you.
You die...

.)# #.# #.# #....#
#.##.# ..# #.# #.#
##.#.# #.##.# ..# #.#
#.# #...# #.##.# ..#
#.# #.# #...## #.##.#
..# #.# #.####....#
#.##.# ### #.#
#....#.#..####.##.# #.#
####.#......)..##.# #.#
#.####..######.# ## #.#
#..@S..># #.# .# #.#
######### #.# .# #.#
#.# .# #.# #.# ## #.#
#.# #.# #.#
#.###################.#
#............)........#
#.#####################


You could see an adder.

Vanquished Creatures
  2 hounds
  3 gnolls (D:2)
  2 adders (D:3)
  3 worms (D:2)
  4 dart slugs (D:2)
  5 bats
  6 endoplasms
  A giant cockroach (D:1)
  5 goblins
  5 hobgoblins
  7 jackals
  4 quokkas
  5 ball pythons
  2 frilled lizards
  A kobold (D:1)
  6 rats
61 creatures vanquished.

Vanquished Creatures (others)
  3 plants (D:3)
3 creatures vanquished.

Grand Total: 64 creatures vanquished

Notes
Turn   | Place    | Note
-------+----------+-------------------------------------------
     0 | D:1      | Descartes the Felid Warper began the quest for the Orb.
     0 | D:1      | Reached XP level 1. HP: 9/9 MP: 4/4
   337 | D:1      | Reached XP level 2. HP: 13/13 MP: 6/6
   628 | D:1      | Found Rola Nuw's Distillery.
  1154 | D:1      | Learned a level 2 spell: Blink
  1635 | D:2      | Reached XP level 3. HP: 16/16 MP: 7/7
  1995 | D:2      | Reached skill level 5 in Translocations
  1995 | D:2      | Reached XP level 4. HP: 16/19 MP: 8/8
  2798 | D:2      | Found a faded altar of an unknown god.
  3217 | D:3      | Slain by a hound
  3218 | D:3      | Reached XP level 3. HP: -1/16 MP: 7/7
  3228 | D:3      | Reached skill level 5 in Dodging
  3228 | D:3      | Reached XP level 4. HP: 19/19 MP: 8/8
  3435 | D:3      | Learned a level 1 spell: Apportation
  3439 | D:3      | Learned a level 3 spell: Teleport Other
  3441 | D:3      | Noticed a gnoll sergeant
  4129 | D:2      | Slain by an adder

Illustrated notes

Levels and vault maps discovered:
D:1:      lemuel_arrival_room, layout_loops_ring, serial_shops,
          nicolae_shop_behind_doors, minmay_strange_pillars
D:2:      layout_basic, basic_ecumenical_altar
D:3:      lemuel_castle_with_subvaults [lemuel_castle_interior_carwin_2],
          layout_basic, tso_metal_star, gammafunk_ghost_split, minmay_mini_jars,
          uniq_terence, uniq_ijyb, uniq_robin, uniq_natasha

Skill      XL: |  1  2  3 |
---------------+----------+-----
Dodging        | 4 5 |  5.3
Unarmed Combat | 3 |  3.8
Translocations | 5 |  5.7
Fighting       | |  2.0
Spellcasting   | |  2.0

Action                   |  1- 3 |  4- 6 || total
-------------------------+-------+-------++-------
Melee: Unarmed           |   132 |   135 ||   267
       Bite              |    15 |     8 ||    23
       Punch             |     2 |     2 ||     4
 Stab: Sleeping          |     4 |       ||     4
Armor: Skin              |     1 |       ||     1
Dodge: Dodged            |   113 |   124 ||   237
